 Dungeon Crawl Stone Soup version 0.31.0-11-ge490571c62 (webtiles) character file.

Game seed: 6099621928530121829

43 Flugkiller the Chiller (level 3, -3/16 HPs)
             Began as a Vine Stalker Ice Elementalist on Feb 3, 2024.
             Slain by a kobold brigand
             ... wielding a +0 dagger
              (5 damage)
             ... in a sewer.
             The game lasted 00:01:30 (455 turns).

Flugkiller the Chiller (VSIE)                        Turns: 455, Time: 00:01:31

Health: -3/16      AC:  2    Str: 10    XL:     3   Next: 58%
Magic:  0/8        EV: 12    Int: 17    God:
Gold:   17         SH:  0    Dex: 14    Spells: 4/8 levels left

rFire   . . .        e - +0 dagger (drain)
rCold   . . .        (no shield)
rNeg    . . .        a - +0 robe
rPois   .            (no helmet)
rElec   .            l - scarf {repulsion}
rCorr   .            (no gloves)
SInv    .            (no boots)
Will    +....        (no amulet)
Stlth   ++           (no ring)
HPRegen 1.02/turn    (no ring)
MPRegen 0.11/turn

%: repel missiles, guardian spirit
@: mighty, lethally poisoned (-3 -> -4), freezing walls, enlightened, flying,
slowed, very slow
A: fangs 2, regeneration 1, magic shield, antimagic bite, no potion heal 2
a: no special abilities


You were in a sewer.
You visited 1 branch of the dungeon, and saw 3 of its levels.
You also visited: Sewer.

You collected 17 gold pieces.

Inventory:

Hand Weapons
 e - a +0 dagger of draining (weapon)
   (You found it on level 2 of the Dungeon)
Armour
 a - a +0 robe (worn)
 l - a scarf of repulsion (worn)
   (You found it in a sewer)
Scrolls
 c - a scroll of revelation {unknown}
 i - 2 scrolls of identify {unknown}
Potions
 b - a potion of magic
 d - a potion of might
 f - a potion of cancellation {unknown}
 g - a potion of curing {unknown}
 h - a potion of ambrosia {unknown}
 j - a potion of brilliance {unknown}


   Skills:
 - Level 1.5 Dodging
 - Level 2.4 Stealth
 + Level 3.2 Spellcasting
 + Level 4.6 Ice Magic


You had 4 spell levels left.
You knew the following spells:

 Your Spells              Type           Power      Damage    Failure   Level
a - Freeze                Ice            72%        1d8       2%          1
b - Frozen Ramparts       Ice            36%        1d6       8%          3

Your spell library contained the following spells:

 Spells                   Type           Power      Damage    Failure   Level
 Ozocubu's Armour         Ice            18%        N/A       8%          3
 Summon Ice Beast         Ice/Summ       10%        N/A       21%         3


Dungeon Overview and Level Annotations

Branches:
Dungeon (3/15) Zot: 17751   Sewer (1/1) Zot: 5774

Altars:


Innate Abilities, Weirdness & Mutations

You have extremely sharp teeth.
Your natural rate of healing is unusually fast.
When hurt, damage is shared between your health and your magic reserves.
Your bite disrupts and absorbs the magic of your enemies.
Potions cannot restore your health.


Message History

Unknown command.
The rat bites you but does no damage. The rat misses you.
Casting: Freeze (safe; 2% risk of failure)
Confirm with . or Enter, or press ? or * to list all spells.
Aiming: Freeze (safe; 2% risk of failure)
Press: ? - help, Shift-Dir - straight line, f - rat
Aim: a rat You freeze the rat!
You kill the rat!
The rat squeaks loudly.
Casting: Freeze (safe; 2% risk of failure)
Confirm with . or Enter, or press ? or * to list all spells.
You can't see any susceptible monsters within range! (Use Z to cast anyway.)
Casting: Freeze (safe; 2% risk of failure)
Confirm with . or Enter, or press ? or * to list all spells.
You can't see any susceptible monsters within range! (Use Z to cast anyway.)
The rat closely misses you.
Casting: Freeze (safe; 2% risk of failure)
Confirm with . or Enter, or press ? or * to list all spells.
Aiming: Freeze (safe; 2% risk of failure)
Press: ? - help, Shift-Dir - straight line, f - rat
Aim: a rat You freeze the rat!
You kill the rat!
The bat closely misses you.
Casting: Freeze (safe; 2% risk of failure)
Confirm with . or Enter, or press ? or * to list all spells.
You can't see any susceptible monsters within range! (Use Z to cast anyway.)
The bat hits you but does no damage.
Casting: Freeze (safe; 2% risk of failure)
Confirm with . or Enter, or press ? or * to list all spells.
Aiming: Freeze (safe; 2% risk of failure)
Press: ? - help, Shift-Dir - straight line, f - bat
Aim: a bat You freeze the bat.
You kill the bat!
Casting: Freeze (safe; 2% risk of failure)
Confirm with . or Enter, or press ? or * to list all spells.
You can't see any susceptible monsters within range! (Use Z to cast anyway.)
You open the large door.
Found a gate leading back out of this place.
Unknown command.
A kobold comes into view. It is wielding a +0 whip.
Found an embroidered scarf.
There is a large open door here.
There is a large open door here.
The helpless kobold fails to defend itself.
You puncture the kobold!
You kill the kobold!
Things that are here:
a +0 whip; 3 stones; a kobold corpse You see here a scarf of repulsion.
l - a scarf of repulsion
Things that are here:
a +0 whip; 3 stones; a kobold corpse You start putting on your armour.
You continue putting on your scarf of repulsion. x4
You finish putting on your scarf of repulsion.
You are surrounded by a repulsion field.
Unknown command.
There is a large open door here.
Magic restored.
You open the large door.
A kobold brigand and 2 kobolds come into view.
The kobold brigand is wielding a +0 dagger and quivering curare-tipped darts.
Found 2 golden potions and a silvery potion.
Found a gate leading back out of this place.
A kobold and a kobold brigand come into view.
The kobold brigand is wielding a +0 club and quivering poisoned darts.
Found a ruby potion.
The kobold shouts!
The kobold brigand shouts! x2; The kobold shouts!
The kobold throws a stone.
The stone closely misses you. The kobold misses you.
There is a large open door here.
Unknown command.
The kobold brigand throws a curare-tipped dart.
The curare-tipped dart hits you.
You are poisoned.
You have difficulty breathing.
You feel yourself slow down. The kobold attacks as it pursues you!
The kobold hits you but does no damage.
You feel very sick.
It was a potion of enlightenment.
You feel very buoyant.
You fly up into the air.
You feel very sick.
Okay, then.
Casting: Freeze (safe; 2% risk of failure)
Confirm with . or Enter, or press ? or * to list all spells.
The walls around you are covered in ice.
You feel very sick.
The wall freezes the kobold brigand but does no damage.
The kobold brigand hits you with a +0 dagger!
* * * LOW HITPOINT WARNING * * *
The wall freezes the kobold.
It was a potion of might.
You feel very mighty all of a sudden.
d - a potion of might You feel sick.
The wall freezes the kobold brigand.
The kobold brigand hits you with a +0 dagger.
You die...

~ ~~~~~~~~~~~~~~~~~~~~~≈# ≈
≈~≈≈≈≈≈~≈≈≈≈≈~≈≈≈≈≈~≈≈# ~
~~~~~~~~~~~~~~~~~~~~≈#
#######~~~#################
~.P.P~~P~~P~P.P..#...!#
~..~~~..~~~~.....K..∩.#
...P......P.P...KK.K..#
................K#.!..#
......P........K@######
................##
.....##.........#
#...####..####### #####
####


You could see 2 kobold brigands and 3 kobolds.

Vanquished Creatures
  An adder (D:3)
  A dart slug (D:1)
  4 ball pythons
  An endoplasm (D:1)
  2 giant cockroaches
  2 hobgoblins
  2 jackals (D:2)
  A quokka (D:1)
  2 bats (Sewer)
  A frilled lizard (D:1)
  2 goblins (D:2)
  6 kobolds (Sewer)
  5 rats
30 creatures vanquished.

Notes
Turn   | Place    | Note
-------+----------+-------------------------------------------
     0 | D:1      | Flugkiller the Vine Stalker Ice Elementalist began the
                  | quest for the Orb.
     0 | D:1      | Reached XP level 1. HP: 9/9 MP: 4/4
   128 | D:1      | Reached XP level 2. HP: 13/13 MP: 4/6
   234 | D:3      | Found a glowing drain.
   241 | D:3      | Reached XP level 3. HP: 16/16 MP: 5/8
   245 | Sewer    | Entered a sewer
   317 | Sewer    | Learned a level 3 spell: Frozen Ramparts
   449 | Sewer    | Noticed a kobold brigand
   450 | Sewer    | Noticed a kobold brigand
   455 | Sewer    | Slain by a kobold brigand

Illustrated notes

Levels and vault maps discovered:
D:1:      dpeg_arrival_yet_another_circle, layout_loops_corners,
          basic_ecumenical_altar
D:2:      layout_basic, uniq_crazy_yiuf_cottage
D:3:      layout_basic, overflow_temple_1_default, portal_sewer_entry_d,
          minmay_vboxes
Sewer:    kennysheep_pipe_town

Skill      XL: |  1  2 |
---------------+-------+-----
Spellcasting   | 3 |  3.2
Dodging        | |  1.5
Stealth        | |  2.4
Ice Magic      | |  4.6

Action                     || total
---------------------------++-------
  Melee: Unarmed           ||    12
         Bite              ||    15
         Punch             ||     2
         Dagger            ||    25
   Cast: Freeze            ||    21
         Frozen Ramparts   ||     1
    Use: Potion            ||     2
   Stab: Sleeping          ||     4
 Armour: Robe              ||    29
  Dodge: Dodged            ||    36
